 Dungeon Crawl Stone Soup version 0.18-a0-1267-gff090c1 (webtiles) character file.

114351 abixa the Fencer (level 17, 0/133 HPs)
             Began as a Human Artificer on Feb 5, 2016.
             Was the Champion of Okawaru.
             Killed from afar by a hell hound (22 damage)
             ... with a blast of flame
             ... on level 15 of the Dungeon on Feb 6, 2016.
             The game lasted 03:04:04 (45213 turns).

abixa the Fencer (Human Artificer)                 Turns: 45213, Time: 03:04:04

Health: 0/133      AC: 32    Str: 18    XL:     17   Next: 20%
Magic:  26/26      EV: 11    Int: 16    God:    Okawaru [******]
Gold:   1403       SH:  0    Dex: 15    Spells: 0 memorised, 16 levels left

rFire  . . .     SeeInvis .     a - +2 great sword (vamp)
rCold  . . .     Gourm    .     e - +4 plate armour {rPois}
rNeg   + + .     Faith    +     (shield currently unavailable)
rPois  +         Spirit   .     O - +4 hat of Complete Protection {*Contam rN++ Str+4 Stlth+}
rElec  .         Dismiss  .     F - +2 cloak {+Inv}
rCorr  .         Reflect  .     l - +0 pair of gloves {archery}
SustAt .         Harm     .     v - +2 pair of boots {Stlth+}
MR     ++...                    h - amulet of faith
Stlth  ..........               c - ring of flight
                                V - ring of protection from magic

@: flying, very resistant to hostile enchantments, extremely unstealthy
A: no striking features
a: Heroism, Finesse, Renounce Religion, Evoke Invisibility, Stop Flying


You were on level 15 of the Dungeon.
You worshipped Okawaru.
Okawaru was exalted by your worship.
You were not hungry.

You visited 4 branches of the dungeon, and saw 26 of its levels.
You also visited: Labyrinth and Ice Cave.

You collected 1962 gold pieces.
You spent 559 gold pieces at shops.

Inventory:

Hand Weapons
 a - a +2 vampiric great sword (weapon)
 S - a +0 blowgun
Missiles
 C - 12 curare-tipped needles
 E - 5 throwing nets
 L - 3 tomahawks of dispersal
 X - 5 silver javelins (quivered)
Armour
 e - a +4 plate armour of poison resistance (worn)
 l - a +0 pair of gloves of archery (worn)
 v - a +2 pair of boots of stealth (worn)
 F - a +2 cloak of invisibility (worn)
 O - the +4 hat of Complete Protection (worn) {*Contam rN++ Str+4 Stlth+}
   (You acquired it on level 12 of the Dungeon)

   It affects your strength (+4).
   It greatly protects you from negative energy.
   It causes magical contamination when unequipped.
   It makes you more stealthy.
 Q - the +2 cloak of Xyam {Dex+3}
   (Okawaru gifted it to you on level 15 of the Dungeon)

   It affects your dexterity (+3).
 U - the +4 plate armour of Valour {rC+ Int+3}
   (Okawaru gifted it to you on level 13 of the Dungeon)

   It affects your intelligence (+3).
   It protects you from cold.
Magical Staves
 s - an uncursed staff of cold {unknown}
Jewellery
 c - a ring of flight (right hand)
 g - a +3 amulet of reflection {unknown}
 h - an amulet of faith (around neck)
 j - a +3 ring of dexterity
 m - an uncursed ring of positive energy
 n - an uncursed ring of see invisible
 q - an uncursed ring of ice
 y - an uncursed ring of protection from magic
 V - a ring of protection from magic (left hand)
Wands
 k - a wand of heal wounds (2/9)
 o - a wand of lightning (4/15)
 p - a wand of digging (8/24)
 J - a wand of paralysis (13/24)
 K - a wand of iceblast (6/15)
 M - a wand of lightning (3/15)
 W - a wand of lightning (3/15)
Scrolls
 i - 13 scrolls of remove curse
 r - 2 scrolls of fear
 w - 4 scrolls of blinking
 z - 3 scrolls of fog
 A - 2 scrolls of recharging
 H - 4 scrolls of magic mapping
 P - 8 scrolls of teleportation
Potions
 b - 3 potions of cancellation
 t - 10 potions of curing
 u - 2 potions of brilliance
 x - 2 potions of agility
 B - a potion of heal wounds
 G - 4 potions of flight
 R - a potion of haste
 T - 2 potions of might {unknown}
Books
 D - a Grand Grimoire

   Spells                             Type                      Level
   a - Monstrous Menagerie            Summoning                    7
   b - Summon Greater Demon           Summoning                    7
   c - Malign Gateway                 Summoning/Translocation      7
   d - Summon Horrible Things         Summoning                    8
Miscellaneous
 I - a disc of storms
Comestibles
 d - a meat ration
 f - 11 fruits
 N - a bread ration
 Y - 11 royal jellies
 Z - a beef jerky


   Skills:
 + Level 12.2 Fighting
   Level 1.0(11.6) Short Blades
 + Level 17.2 Long Blades
 * Level 12.1 Armour
 - Level 10.0 Dodging
 - Level 1.0 Stealth
 - Level 1.2 Invocations
 + Level 12.9 Evocations


You had 16 spell levels left.
You didn't know any spells.

Dungeon Overview and Level Annotations

Branches:
Dungeon (15/15)            Temple (1/1) D:5            Lair (8/8) D:9
 Shoals (0/4) Lair:5        Snake (0/4) Lair:6        Slime (0/6) Lair:6
    Orc (2/2) D:10            Elf (0/3) Orc:2        Vaults (0/5) D:14
 Depths (0/5) D:15

Altars:
Ashenzari
Cheibriados
Dithmenos
Fedhas
Gozag
Kikubaaqudgha
Makhleb
Nemelex Xobeh
Okawaru
Pakellas
Qazlal
Ru
Trog
Vehumet
Xom
Yredelemnul
Zin
The Shining One
Beogh

Shops:
D:7 =   D:11 ?[!}*   D:14 ?   D:15 !}=*   Orc:2 *(=

Annotations:
D:9 abixa's ghost, journeyman HuGl
Orc:2 clear, Saint Roka


Message History

The bolt of fire hits you!
The bolt of fire hits the hell hound.
The hell hound completely resists.
A necromancer comes into view. It is wielding a dagger.
The necromancer shouts!
The hell hound breathes flames at you.
The blast of flame hits the hell hound.
The hell hound completely resists.
The blast of flame hits you! The hell hound breathes flames at you.
The blast of flame hits you!
* * * LOW HITPOINT WARNING * * *
The necromancer gestures at you while chanting.
The bolt of fire hits the hell hound.
The hell hound completely resists.
The bolt of fire hits the hell hound.
The hell hound completely resists.
The bolt of fire hits you!
* * * LOW HITPOINT WARNING * * *
The hell knight hits you with an enchanted great sword!
* * * LOW HITPOINT WARNING * * *
The hell hound breathes flames at you. The blast of flame hits you!
You die...

#.......#.#########.#.#.####..
##......#.# #.#.........
#.......≈†# #)#...##....
##.......≈.# #.#.#.......
##........≈.# #.#.##.#....
#...<.....≈.#p .#.#.........
#....(....≈.#p#####p#.#.........
#.........#.#pp.hhhh#.#.........
#.........#.###@§≈###.#.........
#.........#....§......#.....##..
#.........#############.....##..
##..............................
##..............#..........##..
####.....#....................
#.........##......####...###
#................./.##.≈...≈
#.........∩......##)##...#..


You could see 2 hell knights, 3 necromancers and 4 hell hounds.

Vanquished Creatures
  Agnes (D:15)
  Kirke (Lair:5)
  An orc warlord (Orc:2)
  Louise (D:15)
  2 dire elephants
  8 vault guards
  Snorg (Lair:3)
  A minotaur (Lab)
  Harold (D:12)
  A catoblepas (Lair:8)
  4 hydras
  3 centaur warriors
  A deep troll shaman (Lair:8)
  10 death yaks
  Urug (Lair:3)
  Nergalle (Lair:4)
  A hell knight (D:15)
  Sonja (D:15)
  A lindwurm (Lair:8)
  The ghost of Borgoz the Covered, a novice MiFi (D:6)
  5 hill giants
  5 orc knights
  A deep elf mage (D:14)
  22 spiny frogs
  5 orc sorcerers
  8 ugly things
  6 cyclopes
  A necromancer (D:15)
  2 oklob plants
  15 blink frogs
  A manticore (D:11)
  2 griffons
  Maurice (D:11)
  A naga mage (D:15)
  11 elephants
  2 ice statues (IceCv)
  3 centaur zombies
  A torpor snail (Lair:4)
  2 gargoyles
  10 komodo dragons
  A yaktaur (D:15)
  5 fire drakes
  A polar bear (Lair:8)
  12 ice devils (IceCv)
  6 trolls
  4 two-headed ogres
  8 slime creatures
  Prince Ribbit (D:9)
  2 wraiths
  A vampire (D:15)
  6 basilisks
  93 yaks
  Eustachio (D:4)
  5 hogs
  4 vampire mosquitoes (D:14)
  2 steam dragons
  16 wolves
  8 hippogriffs
  A hungry ghost (D:13)
  A mottled dragon (D:11)
  8 wargs
  16 water moccasins
  2 nagas
  3 hell hounds (D:15)
  7 porcupines
  43 orc warriors
  4 soldier ants
  4 ice beasts
  4 sky beasts
  An eye of draining (D:10)
  21 ogres
  2 black bears
  A phantom (D:14)
  3 wasps
  6 boggarts
  7 centaurs
  22 crocodiles
  2 big kobolds
  Blork the orc (D:5)
  20 giant frogs
  A scorpion (D:7)
  2 wyvern skeletons (D:14)
  26 killer bees
  3 electric eels
  9 crimson imps
  9 hounds
  9 jellies
  5 centaur skeletons
  A giant frog zombie (D:13)
  32 orc priests
  2 giant frog skeletons
  16 orc wizards
  11 iguanas
  19 worker ants
  29 sheep
  A hound skeleton (D:6)
  Robin (D:3)
  A worker ant zombie (D:7)
  8 gnolls
  76 river rats
  16 adders
  4 shadow imps
  18 white imps
  5 ufetubi (IceCv)
  An ooze (D:2)
  2 adder skeletons
  2 worms (D:2)
  10 giant geckos
  141 orcs
  A ball python (D:6)
  2 bats (D:2)
  2 giant cockroaches
  13 hobgoblins
  14 jackals
  8 quokkas
  A giant gecko skeleton (D:8)
  6 giant newts
  12 goblins
  A jackal zombie (D:6)
  16 kobolds
  A quokka zombie (D:9)
  6 rats
  A fungus (Lair:8)
  3 plants (Lair:3)
1048 creatures vanquished.

Vanquished Creatures (collateral kills)
  2 blink frogs (Lair:2)
  2 yaks (Lair:1)
  A water moccasin (Lair:1)
  2 killer bees (D:7)
  A giant newt (D:7)
8 creatures vanquished.

Vanquished Creatures (others)
  An unseen horror (D:14)
  A human (Lair:5)
  A killer bee (D:7)
  2 white imps (IceCv)
  4 ufetubi (IceCv)
  26 fungi
  30 plants
65 creatures vanquished.

Grand Total: 1121 creatures vanquished

Notes
Turn   | Place    | Note
--------------------------------------------------------------
     0 | D:1      | abixa the Human Artificer began the quest for the Orb.
     0 | D:1      | Reached XP level 1. HP: 15/15 MP: 3/3
   411 | D:1      | Reached XP level 2. HP: 22/22 MP: 4/4
  1232 | D:1      | Reached XP level 3. HP: 27/27 MP: 5/5
  1673 | D:2      | Reached skill level 4 in Evocations
  1949 | D:2      | Reached XP level 4. HP: 28/33 MP: 7/7
  2882 | D:4      | Noticed Robin
  2931 | D:3      | Killed Robin
  2931 | D:3      | Reached skill level 5 in Evocations
  2931 | D:3      | Reached XP level 5. HP: 13/38 MP: 8/8
  3600 | D:4      | Reached skill level 1 in Armour
  3752 | D:4      | Noticed Eustachio
  4230 | D:4      | Killed Eustachio
  4230 | D:4      | Reached XP level 6. HP: 34/47 MP: 8/10
  4489 | D:4      | Reached XP level 7. HP: 49/52 MP: 11/11
  5029 | D:5      | Entered Level 5 of the Dungeon
  5115 | D:4      | Reached skill level 6 in Evocations
  5411 | D:5      | Found a staircase to the Ecumenical Temple.
  5424 | D:5      | Noticed Blork the orc
  5426 | Temple   | Entered the Ecumenical Temple
  5470 | Temple   | Became a worshipper of Warmaster Okawaru
  5601 | D:5      | Reached XP level 8. HP: 46/60 MP: 12/12
  5851 | D:5      | Killed Blork the orc
  6432 | D:5      | Found a burning altar of Makhleb.
  6600 | D:5      | Reached * piety under Okawaru
  6600 | D:5      | Reached skill level 5 in Fighting
  6600 | D:5      | Reached skill level 7 in Evocations
  6753 | D:6      | Noticed Borgoz's ghost (novice MiFi)
  6919 | D:6      | Found an ancient bone altar of Kikubaaqudgha.
  7075 | D:6      | Reached skill level 5 in Dodging
  7465 | D:6      | Reached XP level 9. HP: 58/69 MP: 14/14
  7647 | D:6      | Found a sparkling altar of Nemelex Xobeh.
  8002 | D:7      | Found a snail-covered altar of Cheibriados.
  8032 | D:7      | Found a shadowy altar of Dithmenos.
  8126 | D:7      | Reached ** piety under Okawaru
  8188 | D:7      | Found Plog's Jewellery Emporium.
  8364 | D:7      | Found a shimmering altar of Xom.
  9054 | D:7      | Reached skill level 8 in Evocations
  9787 | D:8      | Reached *** piety under Okawaru
 10879 | D:7      | Reached XP level 10. HP: 77/77 MP: 16/16
 10929 | D:8      | Reached **** piety under Okawaru
 11159 | D:8      | Received a gift from Okawaru
 11529 | D:8      | Reached skill level 1 in Long Blades
 12318 | D:9      | Reached skill level 5 in Long Blades
 12365 | D:9      | Noticed Prince Ribbit
 12374 | D:9      | Killed Prince Ribbit
 12390 | D:9      | Noticed abixa's ghost (journeyman HuGl)
 12536 | D:9      | Found a staircase to the Lair.
 12553 | D:9      | Reached ***** piety under Okawaru
 13822 | D:10     | Entered Level 10 of the Dungeon
 14168 | D:10     | Reached XP level 11. HP: 73/84 MP: 17/17
 14871 | D:10     | Found a staircase to the Orcish Mines.
 15524 | Lair:1   | Entered Level 1 of the Lair of Beasts
 15741 | D:10     | Received a gift from Okawaru
 15741 | D:10     | Reached skill level 9 in Long Blades
 16734 | Lair:1   | Reached skill level 10 in Long Blades
 16747 | Lair:1   | Killed a spiny frog
 17033 | Lair:1   | Received a gift from Okawaru
 17515 | Lair:1   | Reached ****** piety under Okawaru
 17519 | Lair:1   | Reached skill level 11 in Long Blades
 18295 | Lair:2   | Reached XP level 12. HP: 53/92 MP: 18/18
 18664 | Lair:2   | Received a gift from Okawaru
 18751 | Lair:2   | Reached skill level 12 in Long Blades
 19412 | Lair:2   | Noticed an eight-headed hydra
 19418 | Lair:2   | Killed an eight-headed hydra
 19418 | Lair:2   | Reached skill level 13 in Long Blades
 19980 | Lair:3   | Reached skill level 1 in Invocations
 20215 | Lair:3   | Noticed Urug
 20408 | Lair:2   | Received a gift from Okawaru
 20660 | Lair:2   | Reached skill level 5 in Armour
 20792 | Lair:3   | Killed Urug
 20792 | Lair:3   | Received a gift from Okawaru
 21192 | Lair:3   | Reached XP level 13. HP: 91/99 MP: 19/19
 21584 | Lair:4   | Noticed Nergalle
 21645 | Lair:4   | Noticed Snorg
 21676 | Lair:3   | Killed Snorg
 23526 | D:6      | Killed Borgoz's ghost
 24208 | D:11     | Found Pochoos's Distillery.
 24703 | D:11     | Found Zuras's Gadget Emporium.
 24711 | D:11     | Found Ceog's Assorted Antiques.
 24724 | D:11     | Bought a smoky white potion for 26 gold pieces
 24724 | D:11     | Bought a fizzy pink potion for 26 gold pieces
 24724 | D:11     | Bought a scroll of identify for 58 gold pieces
 24724 | D:11     | Bought an amethyst potion for 26 gold pieces
 24724 | D:11     | Bought a scroll labeled ANIUKE MAKHU for 29 gold pieces
 24724 | D:11     | Bought a scroll labeled ANIUKE MAKHU for 29 gold pieces
 24724 | D:11     | Bought a smoking leather armour for 203 gold pieces
 24734 | D:11     | Identified the cursed +0 leather armour "Heodyacw" {rC+} (You bought it in a shop on level 11 of the Dungeon)
 24784 | D:11     | Reached skill level 10 in Evocations
 25189 | D:11     | Noticed Maurice
 25392 | D:11     | Found Viugi's Magic Scroll Shop.
 25399 | D:11     | Bought a scroll of identify for 28 gold pieces
 25414 | D:11     | Found Nemm's Antique Armour Emporium.
 25460 | D:11     | Received a gift from Okawaru
 25520 | D:11     | Killed Maurice
 25604 | Orc:1    | Entered Level 1 of the Orcish Mines
 26454 | Orc:2    | Entered Level 2 of the Orcish Mines
 27957 | Orc:2    | Found a roughly hewn altar of Beogh.
 27964 | Orc:2    | Reached skill level 10 in Fighting
 27988 | Orc:2    | Found Uthuq's General Store.
 28366 | Orc:2    | Bought a scroll of silence for 82 gold pieces
 28372 | Orc:2    | Found Niuleism's Weapon Shoppe.
 28397 | Orc:2    | Reached XP level 14. HP: 30/110 MP: 21/21
 29412 | Orc:1    | Received a gift from Okawaru
 30255 | Orc:2    | Reached skill level 14 in Long Blades
 30606 | Orc:2    | Noticed Saint Roka
 31091 | Orc:2    | Found a staircase to the Elven Halls.
 31477 | Orc:2    | Noticed an orc warlord
 31498 | Orc:2    | Killed an orc warlord
 31734 | Orc:2    | Found a roughly hewn altar of Beogh.
 31755 | Orc:2    | Found Looko's Jewellery Emporium.
 32743 | Lair:4   | Killed Nergalle
 32743 | Lair:4   | Received a gift from Okawaru
 32743 | Lair:4   | Reached skill level 15 in Long Blades
 32744 | Lair:4   | Got a wizard robe {god gift}
 32755 | Lair:4   | Identified the +2 robe "Ekal" {+Blink} (Okawaru gifted it to you on level 4 of the Lair of Beasts)
 32820 | Lair:5   | Found a labyrinth entrance.
 32822 | Lair:5   | Found a staircase to the Shoals.
 32829 | Lab      | Entered a labyrinth
 33146 | Lab      | Drew Focus: Int increased to 16, Dex decreased to 13
 33210 | Lair:5   | Found a frozen archway.
 33290 | IceCv    | Entered an ice cave
 35326 | Lair:6   | Found a staircase to the Snake Pit.
 35423 | Lair:6   | Identified a scroll of acquirement
 35524 | Lair:6   | Reached XP level 15. HP: 115/115 MP: 23/23
 35643 | Lair:6   | Found a staircase to the Slime Pits.
 35830 | Lair:6   | Noticed Kirke
 35905 | Lair:6   | Received a gift from Okawaru
 35953 | Lair:5   | Killed Kirke
 35953 | Lair:5   | Reached skill level 16 in Long Blades
 38479 | Lair:7   | Received a gift from Okawaru
 38480 | Lair:7   | Got an encrusted chain mail {god gift}
 38601 | Lair:7   | Reached skill level 10 in Dodging
 38805 | Lair:7   | Identified the +1 chain mail of Buismacu {rN+ rCorr} (Okawaru gifted it to you on level 7 of the Lair of Beasts)
 38820 | Lair:7   | Got a faintly humming shield
 38845 | Lair:8   | Entered Level 8 of the Lair of Beasts
 40179 | Lair:8   | Reached XP level 16. HP: 100/125 MP: 24/24
 40187 | Lair:8   | Received a gift from Okawaru
 40431 | Lair:8   | Reached skill level 10 in Armour
 41350 | Lair:8   | Identified Kielusm's Tome of Weightlessness
 41582 | Lair:1   | Upgraded the game from 0.18-a0-1243-g9e52518 to 0.18-a0-1267-gff090c1
 41727 | D:12     | Noticed Harold
 41762 | D:12     | Killed Harold
 42286 | D:12     | Got a bloodstained hat
 42297 | D:12     | Identified the +4 hat of Complete Protection {*Contam rN++ Str+4 Stlth+} (You acquired it on level 12 of the Dungeon)
 43280 | D:13     | Received a gift from Okawaru
 43297 | D:13     | Got a fine plate armour {god gift}
 43308 | D:13     | Identified the +4 plate armour of Valour {rC+ Int+3} (Okawaru gifted it to you on level 13 of the Dungeon)
 43360 | D:14     | Reached skill level 17 in Long Blades
 43424 | D:14     | Found Onleeko's Magic Scroll Shop.
 43438 | D:14     | Bought a scroll of identify for 30 gold pieces
 43680 | D:14     | Found a gate to the Vaults.
 44238 | D:15     | Entered Level 15 of the Dungeon
 44238 | D:15     | Found Fenkuhyme's Jewellery Shoppe.
 44254 | D:15     | Noticed Agnes
 44268 | D:15     | Killed Agnes
 44268 | D:15     | Received a gift from Okawaru
 44268 | D:15     | Reached XP level 17. HP: 71/133 MP: 24/26
 44302 | D:15     | Got a warped cloak {god gift}
 44352 | D:15     | Noticed Louise
 44364 | D:15     | Killed Louise
 44396 | D:15     | Found Feyvuder's Gadget Emporium.
 44432 | D:15     | Found a staircase to the Depths.
 44502 | D:15     | Identified the +2 cloak of Xyam {Dex+3} (Okawaru gifted it to you on level 15 of the Dungeon)
 44923 | D:15     | Noticed Sonja
 44929 | D:15     | Killed Sonja
 44959 | D:15     | Found Qeimead's General Store.
 44967 | D:15     | Bought a scroll of identify for 22 gold pieces
 45098 | D:15     | Found Plog's Distillery.
 45213 | D:15     | Killed from afar by a hell hound

Vault maps used:
D:1:      dpeg_arrival_boxes_within_box
D:2:      first_bread, serial_bayou_pond_d
D:3:      nicolae_overflow_hidden_temple, gammafunk_temple_overflow_statue
D:4:      uniq_eustachio, uniq_robin
D:5:      minmay_temple_entry_crystal_x, serial_bayou_lagoon_a,
          makhleb_blood_cavern_becter, uniq_blork_the_orc
D:6:      nemelex_deck, lemuel_crystal_altar, kennysheep_generic_room_7
D:7:      kennysheep_mini_moat, lemuel_doored_altar, cheibriados_altar_1,
          serial_shops, nicolae_shop_statue_plus
D:9:      minmay_lair_entry_lava, uniq_prince_ribbit1
D:10:     david_orc_2, special_room
D:11:     serial_shops, shop, nicolae_shop_waterfront, shop_scrolls,
          nicolae_shop_statue_plus, shop, hangedman_pestilent_swarm,
          uniq_maurice
D:12:     uniq_harold
D:14:     erik_vaults_2, corexii_leaking_fountain, serial_shops, shop
D:15:     hangedman_depths_entry_try_elsewhere_first, serial_shops, shop, shop,
          nicolae_shop_stone, nicolae_shop_crystal, nrook_pool_corridor,
          st_stairs_13, minmay_rotating_lava, uniq_sonja, uniq_louise,
          uniq_agnes
Temple:   triangle_lava_temple_12
Lair:3:   minmay_lair_oklob_chamber, st_stairs_4, uniq_urug
Lair:4:   lemuel_fruit_tree, grunt_megastairs_5, uniq_nergalle, uniq_snorg
Lair:5:   shoals_dummy_entry, lab_entry_generic, portal_ice_cave_entry_imps,
          lemuel_fruit_fields, bh_autumn_forest_stairs
Lair:6:   guppyfry_snake_entry_island, minmay_slime_entry_pillars, uniq_kirke
Lair:7:   infiniplex_staircase_pool, grunt_megastairs_4, serial_bayou_shore_b
Lair:8:   grunt_lair_end_beastmaster
Orc:2:    pubby_orc_utopia, serial_shops, uniq_saint_roka
Lab:      labyrinth_mini_lab, lab_block, labyrinth_skeletal_remains
IceCv:    ice_cave_small_demon

Action                   |  1- 3 |  4- 6 |  7- 9 | 10-12 | 13-15 | 16-18 || total
-------------------------+-------+-------+-------+-------+-------+-------++-------
Melee: Short sword       |   120 |   110 |       |       |       |       ||   230
       Mace              |       |    92 |   358 |   248 |       |       ||   698
       Flail             |       |       |   100 |       |       |       ||   100
       Falchion          |       |       |       |    63 |       |       ||    63
       Long sword        |       |       |       |    94 |       |       ||    94
       Triple sword      |       |       |       |   317 |    28 |       ||   345
       Scimitar          |       |       |       |    69 |       |       ||    69
       Great sword       |       |       |       |       |  2498 |   953 ||  3451
Throw: Stone             |     6 |       |     6 |       |       |       ||    12
       Tomahawk          |       |       |     5 |    10 |     1 |       ||    16
       Javelin           |       |       |       |    13 |    61 |    10 ||    84
       Throwing net      |       |       |       |       |     1 |       ||     1
Invok: Heroism           |       |       |       |       |     5 |     3 ||     8
 Abil: Evoke Flight      |       |       |       |       |       |     2 ||     2
Evoke: Wand              |       |     3 |    22 |    65 |    10 |     8 ||   108
       Deck              |       |       |       |       |     5 |       ||     5
       Disc of storms    |       |       |       |       |     1 |     1 ||     2
  Use: Scroll            |       |       |     1 |     9 |    13 |     8 ||    31
       Potion            |       |       |     1 |     1 |       |       ||     2
 Stab: Distracted        |     1 |     1 |     1 |       |     3 |       ||     6
       Sleeping          |     1 |       |     2 |     3 |     6 |       ||    12
       Paralysed         |       |       |     2 |    25 |       |     5 ||    32
  Eat: Chunk             |     3 |     8 |    19 |    32 |    63 |    18 ||   143
       Fruit             |       |     1 |     1 |     1 |     4 |     1 ||     8
       Beef jerky        |       |       |       |     1 |     2 |       ||     3
